| TOP OF THE 1ST |
|
Chicago White Sox batting - Pitching for Houston Astros : RHP Moises Hernandez Jr.
|
|
Pitching: RHP Moises Hernandez Jr.
|
|
|
Batting: RHB Dieter Knoops
|
0-0: Swinging Strike 0-1: Foul Ball, location: 2F 0-2: Ground out 6-3 (Groundball, 6, EV 98.1 MPH)
|
|
Batting: RHB Brad Boals
|
0-0: Ball 1-0: Foul Ball, location: 2F 1-1: Fly out, F7 (Flyball, 7D, EV 93.8 MPH)
|
|
Batting: LHB Randy Rosenberry
|
0-0: Ball 1-0: Called Strike 1-1: Called Strike 1-2: Fly out, F9 (Flyball, 89S, EV 85.6 MPH)
|
| Top of the 1st over - 0 runs, 0 hits, 0 errors, 0 left on base; Chicago 0 - Houston 0 |
| BOTTOM OF THE 1ST |
|
Houston Astros batting - Pitching for Chicago White Sox : LHP Stacy Hootentootin
|
|
Pitching: LHP Stacy Hootentootin
|
|
|
Batting: RHB Jeremy Trump
|
0-0: Called Strike 0-1: Called Strike 0-2: Ball 1-2: Ball 2-2: Foul Ball, location: 2F 2-2: SINGLE (Line Drive, 34D, EV 108.8 MPH)
|
|
Batting: LHB Eric Katz
|
0-0: Ball 1-0: Ball 2-0: Swinging Strike 2-1: Ball 3-1: Base on Balls Jeremy Trump to second
|
|
Batting: SHB Jason Woods
|
0-0: SINGLE (Groundball, 4, EV 95.0 MPH) Jeremy Trump to third Eric Katz to second Runner from 3rd tries for Home, SAFE, throw by CF to home
|
|
Batting: RHB Chris Lane
|
0-0: Swinging Strike 0-1: Ball 1-1: Called Strike 1-2: SINGLE (Groundball, 6D, EV 96.2 MPH) Eric Katz to third Jason Woods to second
|
|
Batting: LHB Jack Christie
|
0-0: Swinging Strike 0-1: Foul Ball, location: 2F 0-2: Ball Passed Ball! Eric Katz scores Jason Woods to third Chris Lane to second 1-2: Ground out 3-1 (Groundball, 34, EV 81.2 MPH) Jason Woods scores Chris Lane to third
|
|
Batting: RHB Eric Chotkowski
|
0-0: Called Strike 0-1: Ball 1-1: Foul Ball, location: 2F 1-2: Strikes out looking
|
|
Batting: SHB Rich Chavez
|
0-0: Called Strike 0-1: Swinging Strike 0-2: Ground out 5-3 (Groundball, 56S, EV 69.4 MPH)
|
| Bottom of the 1st over - 3 runs, 3 hits, 0 errors, 1 left on base; Chicago 0 - Houston 3 |
| TOP OF THE 2ND |
|
Chicago White Sox batting - Pitching for Houston Astros : RHP Moises Hernandez Jr.
|
|
Batting: RHB Joseph Disepolo
|
0-0: Called Strike 0-1: Ball 1-1: Fly out, F7 (Flyball, 78M, EV 79.4 MPH)
|
|
Batting: RHB Dietmar Warmisch
|
0-0: Ground out 6-3 (Groundball, 56, EV 85.6 MPH)
|
|
Batting: RHB Chris Cooper
|
0-0: Ground out 5-3 (Groundball, 56S, EV 81.2 MPH)
|
| Top of the 2nd over - 0 runs, 0 hits, 0 errors, 0 left on base; Chicago 0 - Houston 3 |
| BOTTOM OF THE 2ND |
|
Houston Astros batting - Pitching for Chicago White Sox : LHP Stacy Hootentootin
|
|
Batting: SHB Joe Gardner
|
0-0: Ball 1-0: Swinging Strike 1-1: Swinging Strike 1-2: Ball 2-2: Fly out, F7 (Flyball, 7LD, EV 103.1 MPH)
|
|
Batting: SHB Bryan Johnston
|
0-0: Ball 1-0: Swinging Strike 1-1: Ball 2-1: Foul Ball, location: 2F 2-2: Ball 3-2: Foul Ball, location: 2F 3-2: Strikes out swinging
|
|
Batting: RHB Jeremy Trump
|
0-0: Called Strike 0-1: Ball 1-1: Ground out 6-3 (Groundball, 6, EV 81.9 MPH)
|
| Bottom of the 2nd over - 0 runs, 0 hits, 0 errors, 0 left on base; Chicago 0 - Houston 3 |
| TOP OF THE 3RD |
|
Chicago White Sox batting - Pitching for Houston Astros : RHP Moises Hernandez Jr.
|
|
Batting: LHB Angel Tellez
|
0-0: Foul Ball, location: 2F 0-1: Foul Ball, location: 2F 0-2: Ball 1-2: Ball 2-2: Ball 3-2: Fly out, F8 (Flyball, 8LM, EV 88.8 MPH)
|
|
Batting: RHB Jon Solano
|
0-0: Ground out 6-3 (Groundball, 6, EV 95.0 MPH)
|
|
Batting: LHB Sidney Pedder
|
0-0: Called Strike 0-1: Foul Ball, location: 2F 0-2: Ball 1-2: Ball 2-2: Strikes out swinging
|
| Top of the 3rd over - 0 runs, 0 hits, 0 errors, 0 left on base; Chicago 0 - Houston 3 |
| BOTTOM OF THE 3RD |
|
Houston Astros batting - Pitching for Chicago White Sox : LHP Stacy Hootentootin
|
|
Batting: LHB Eric Katz
|
0-0: Ball 1-0: Swinging Strike 1-1: Foul Ball, location: 2F 1-2: Ball 2-2: Ball 3-2: Base on Balls
|
|
Batting: SHB Jason Woods
|
0-0: Fly out, F6 (Line Drive, 6M, EV 76.9 MPH)
|
|
Batting: RHB Chris Lane
|
0-0: Called Strike 0-1: Fly out, F8 (Line Drive, 8RM, EV 95.6 MPH)
|
|
Batting: LHB Jack Christie
|
0-0: Foul Ball, location: 2F 0-1: Foul Ball, location: 2F 0-2: Ground out U3 (Groundball, 3, EV 93.1 MPH)
|
| Bottom of the 3rd over - 0 runs, 0 hits, 0 errors, 1 left on base; Chicago 0 - Houston 3 |
| TOP OF THE 4TH |
|
Chicago White Sox batting - Pitching for Houston Astros : RHP Moises Hernandez Jr.
|
|
Batting: RHB Dieter Knoops
|
0-0: Ball 1-0: Called Strike 1-1: Ball 2-1: Ball 3-1: Called Strike 3-2: DOUBLE (Line Drive, 9LD, EV 112.5 MPH)
|
|
Batting: RHB Brad Boals
|
0-0: Ground out 6-3 (Groundball, 6, EV 108.8 MPH)
|
|
Batting: LHB Randy Rosenberry
|
0-0: Ball 1-0: Ball 2-0: Called Strike 2-1: Foul Ball, location: 2F 2-2: Foul Ball, location: 2F 2-2: Strikes out swinging
|
|
Batting: RHB Joseph Disepolo
|
0-0: Ball 1-0: Ball 2-0: Ball 3-0: Base on Balls
|
|
Batting: RHB Dietmar Warmisch
|
0-0: Ball 1-0: Called Strike 1-1: Foul Ball, location: 2F 1-2: Foul Ball, location: 2F 1-2: Ball 2-2: Strikes out swinging
|
| Top of the 4th over - 0 runs, 1 hit, 0 errors, 2 left on base; Chicago 0 - Houston 3 |
| BOTTOM OF THE 4TH |
|
Houston Astros batting - Pitching for Chicago White Sox : LHP Stacy Hootentootin
|
|
Batting: RHB Eric Chotkowski
|
0-0: Ball 1-0: SINGLE (Groundball, 4D, EV 95.6 MPH)
|
|
Batting: SHB Rich Chavez
|
0-0: Foul Ball, location: 2F 0-1: DOUBLE (Flyball, 89XD, EV 106.9 MPH) Eric Chotkowski to third
|
|
Batting: SHB Joe Gardner
|
0-0: Ground out 6-3 (Groundball, 6, EV 86.9 MPH) Eric Chotkowski scores
|
|
Batting: SHB Bryan Johnston
|
0-0: Ball 1-0: Ball 2-0: Ground out 5-3 (Groundball, 56, EV 104.4 MPH)
|
|
Batting: RHB Jeremy Trump
|
0-0: DOUBLE (Flyball, 89D, EV 91.2 MPH) Rich Chavez scores
|
|
Pitching: RHP Allen Speidel
|
|
|
Batting: LHB Eric Katz
|
0-0: Ball 1-0: Swinging Strike 1-1: Ball 2-1: Ball 3-1: Foul Ball, location: 2F 3-2: Strikes out looking
|
| Bottom of the 4th over - 2 runs, 3 hits, 0 errors, 1 left on base; Chicago 0 - Houston 5 |
| TOP OF THE 5TH |
|
Chicago White Sox batting - Pitching for Houston Astros : RHP Moises Hernandez Jr.
|
|
Batting: RHB Chris Cooper
|
0-0: Foul Ball, location: 2F 0-1: Ground out U3 (Groundball, 3, EV 91.9 MPH)
|
|
Batting: LHB Angel Tellez
|
0-0: Called Strike 0-1: Ball 1-1: Ball 2-1: Called Strike 2-2: Strikes out swinging
|
|
Batting: RHB Jon Solano
|
0-0: Ball 1-0: Ball 2-0: Fly out, F9 (Flyball, 9D, EV 100.6 MPH)
|
| Top of the 5th over - 0 runs, 0 hits, 0 errors, 0 left on base; Chicago 0 - Houston 5 |
| BOTTOM OF THE 5TH |
|
Houston Astros batting - Pitching for Chicago White Sox : RHP Allen Speidel
|
|
Batting: SHB Jason Woods
|
0-0: Called Strike 0-1: Ball 1-1: Ball 2-1: Called Strike 2-2: Ball 3-2: Ground out 4-3 (Groundball, 4, EV 84.4 MPH)
|
|
Batting: RHB Chris Lane
|
0-0: Called Strike 0-1: Ball 1-1: Foul Ball, location: 2F 1-2: Foul Ball, location: 2F 1-2: Foul Ball, location: 2F 1-2: Ball 2-2: Ball 3-2: Base on Balls
|
|
Batting: LHB Jack Christie
|
0-0: Ball 1-0: Ball 2-0: Foul Ball, location: 2F 2-1: Foul Ball, location: 2F 2-2: Foul Ball, location: 2F 2-2: Ball 3-2: Strikes out swinging
|
|
Batting: RHB Eric Chotkowski
|
0-0: Called Strike 0-1: Foul Ball, location: 2F 0-2: Fielders Choice at 2nd, 6-4 (Groundball, 6D, EV 80.6 MPH)
|
| Bottom of the 5th over - 0 runs, 0 hits, 0 errors, 1 left on base; Chicago 0 - Houston 5 |
| TOP OF THE 6TH |
|
Chicago White Sox batting - Pitching for Houston Astros : RHP Moises Hernandez Jr.
|
|
Batting: LHB Sidney Pedder
|
0-0: Ball 1-0: Ball 2-0: Foul Ball, location: 2F 2-1: Ball 3-1: Ground out U3 (Groundball, 34, EV 90.6 MPH)
|
|
Batting: RHB Dieter Knoops
|
0-0: Foul Ball, location: 2F 0-1: Fly out, F8 (Flyball, 8RD, EV 85.6 MPH)
|
|
Batting: RHB Brad Boals
|
0-0: Called Strike 0-1: Ball 1-1: Ball 2-1: Ball 3-1: Called Strike 3-2: Fly out, F8 (Flyball, 8LM, EV 80.0 MPH)
|
| Top of the 6th over - 0 runs, 0 hits, 0 errors, 0 left on base; Chicago 0 - Houston 5 |
| BOTTOM OF THE 6TH |
|
Houston Astros batting - Pitching for Chicago White Sox : RHP Allen Speidel
|
|
Batting: SHB Rich Chavez
|
0-0: Ball 1-0: Ball 2-0: Foul Ball, location: 2F 2-1: SINGLE (Line Drive, 89S, EV 88.8 MPH)
|
|
Batting: SHB Joe Gardner
|
0-0: Grounds into double play, 6-4-3 (Groundball, 6S, EV 75.6 MPH)
|
|
Batting: SHB Bryan Johnston
|
0-0: Ball 1-0: Called Strike 1-1: Fly out, F9 (Flyball, 89S, EV 86.2 MPH)
|
| Bottom of the 6th over - 0 runs, 1 hit, 0 errors, 0 left on base; Chicago 0 - Houston 5 |
| TOP OF THE 7TH |
|
Chicago White Sox batting - Pitching for Houston Astros : RHP Moises Hernandez Jr.
|
|
Batting: LHB Randy Rosenberry
|
0-0: Called Strike 0-1: Ball 1-1: Ball 2-1: Ball 3-1: Base on Balls
|
|
Batting: RHB Joseph Disepolo
|
0-0: Foul Ball, location: 2F 0-1: Swinging Strike 0-2: Ball 1-2: Strikes out looking
|
|
Batting: RHB Dietmar Warmisch
|
0-0: Called Strike 0-1: Swinging Strike 0-2: Fly out, F9 (Line Drive, 89D, EV 92.5 MPH)
|
|
Batting: RHB Chris Cooper
|
0-0: Foul Ball, location: 2F 0-1: Swinging Strike 0-2: Strikes out swinging
|
| Top of the 7th over - 0 runs, 0 hits, 0 errors, 1 left on base; Chicago 0 - Houston 5 |
| BOTTOM OF THE 7TH |
|
Houston Astros batting - Pitching for Chicago White Sox : RHP Allen Speidel
|
|
Batting: RHB Jeremy Trump
|
0-0: Ball 1-0: Foul Ball, location: 2F 1-1: Ball 2-1: Foul Ball, location: 2F 2-2: Ball 3-2: Strikes out looking
|
|
Batting: LHB Eric Katz
|
0-0: Ball 1-0: Swinging Strike 1-1: Foul Ball, location: 2F 1-2: Foul Ball, location: 2F 1-2: Ball 2-2: Ball 3-2: Base on Balls
|
|
Pitching: RHP Mike Willig
|
|
|
Batting: SHB Jason Woods
|
0-0: SINGLE (Flyball, 89S, EV 98.1 MPH) Eric Katz to second Runner from 2nd tries for 3rd, SAFE, throw by RF made to third
|
|
Batting: RHB Chris Lane
|
0-0: Called Strike 0-1: Ball 1-1: Ball 2-1: Swinging Strike 2-2: Strikes out swinging
|
|
Batting: LHB Jack Christie
|
0-0: Ball 1-0: Called Strike 1-1: Fly out, F9 (Flyball, 89M, EV 91.9 MPH)
|
| Bottom of the 7th over - 0 runs, 1 hit, 0 errors, 2 left on base; Chicago 0 - Houston 5 |
| TOP OF THE 8TH |
|
Chicago White Sox batting - Pitching for Houston Astros : RHP Moises Hernandez Jr.
|
|
Batting: LHB Angel Tellez
|
0-0: Foul Ball, location: 2F 0-1: Ball 1-1: Swinging Strike 1-2: Foul Ball, location: 2F 1-2: Strikes out looking
|
|
Batting: RHB Jon Solano
|
0-0: Foul Ball, location: 2F 0-1: Foul Ball, location: 2F 0-2: Ball 1-2: Foul Ball, location: 2F 1-2: Ball 2-2: Foul Ball, location: 2F 2-2: Strikes out looking
|
|
Batting: LHB Sidney Pedder
|
0-0: Called Strike 0-1: Ball 1-1: Foul Ball, location: 2F 1-2: Ball 2-2: Strikes out swinging
|
| Top of the 8th over - 0 runs, 0 hits, 0 errors, 0 left on base; Chicago 0 - Houston 5 |
| BOTTOM OF THE 8TH |
|
Houston Astros batting - Pitching for Chicago White Sox : RHP Mike Willig
|
|
Batting: RHB Eric Chotkowski
|
0-0: Ball 1-0: Ball 2-0: Swinging Strike 2-1: Ball 3-1: Foul Ball, location: 2F 3-2: Strikes out looking
|
|
Batting: SHB Rich Chavez
|
0-0: Ball 1-0: Foul Ball, location: 2F 1-1: Ground out U3 (Groundball, 34, EV 91.2 MPH)
|
|
Batting: SHB Joe Gardner
|
0-0: Ball 1-0: Foul Ball, location: 2F 1-1: Ground out 4-3 (Groundball, 4, EV 78.1 MPH)
|
| Bottom of the 8th over - 0 runs, 0 hits, 0 errors, 0 left on base; Chicago 0 - Houston 5 |
| TOP OF THE 9TH |
|
Chicago White Sox batting - Pitching for Houston Astros : RHP Moises Hernandez Jr.
|
|
Pitching: RHP Arturo Vargas
|
|
|
Batting: RHB Dieter Knoops
|
0-0: Swinging Strike 0-1: Ball 1-1: Called Strike 1-2: Foul Ball, location: 2F 1-2: Ball 2-2: Foul Ball, location: 2F 2-2: Fly out, F9 (Flyball, 89S, EV 93.1 MPH)
|
|
Batting: RHB Brad Boals
|
0-0: Foul Ball, location: 2F 0-1: Foul Ball, location: 2F 0-2: Ball 1-2: Foul Ball, location: 2F 1-2: SOLO HOME RUN (Flyball, 78XD, EV 103.8 MPH), Distance : 434 ft
|
|
Batting: LHB Randy Rosenberry
|
0-0: Ball 1-0: Foul Ball, location: 2F 1-1: Ball 2-1: Foul Ball, location: 2F 2-2: SINGLE (Line Drive, 3L, EV 96.9 MPH)
|
|
Batting: RHB Joseph Disepolo
|
0-0: Ball 1-0: Ball 2-0: Ball 3-0: Base on Balls Randy Rosenberry to second
|
|
Pitching: RHP Aaron Shapiro
|
|
|
Batting: RHB Dietmar Warmisch
|
0-0: Ball 1-0: Foul Ball, location: 2F 1-1: Fly out, F8 (Flyball, 8RD, EV 97.5 MPH)
|
|
Batting: RHB Chris Cooper
|
0-0: Called Strike 0-1: Fly out, F7 (Line Drive, 78M, EV 94.4 MPH)
|
| Top of the 9th over - 1 run, 2 hits, 0 errors, 2 left on base; Chicago 1 - Houston 5 |
|